 Dungeon Crawl Stone Soup version 0.31.0-9-g3a7656b989 (webtiles) character file.

Game seed: 1834970622809394238

21 CaptainMV the Grasshopper (level 2, -1/24 HPs)
             Began as an Armataur Warper on Jan 25, 2024.
             Slain by a jackal (3 damage)
             ... on level 1 of the Dungeon.
             The game lasted 00:02:37 (126 turns).

CaptainMV the Grasshopper (Armataur Warper)          Turns: 126, Time: 00:02:38

Health: -1/24      AC:  4    Str: 16    XL:     2   Next: 65%
Magic:  4/4        EV:  9    Int: 13    God:
Gold:   9          SH:  0    Dex:  9    Spells: 4/4 levels left

rFire   . . .        a - +0 hand axe
rCold   . . .        (no shield)
rNeg    . . .        b - +0 leather armour
rPois   .            (no helmet)
rElec   .            (no cloak)
rCorr   .            (no gloves)
SInv    .            (no barding)
Will    .....        (no amulet)
Stlth   +            (no ring)
HPRegen 0.24/turn    (no ring)
MPRegen 1.08/turn

%: roll
@: no status effects
A: large, deformed body, tough skin 3, armoured tail, roll 1
a: no special abilities


You were on level 1 of the Dungeon.
You visited 1 branch of the dungeon, and saw 1 of its levels.

You collected 9 gold pieces.

Inventory:

Hand Weapons
 a - a +0 hand axe (weapon)
Missiles
 d - 7 darts of dispersal (quivered)
 e - 6 poisoned darts
Armour
 b - a +0 leather armour (worn)
Scrolls
 c - a scroll of blinking
 f - a scroll of summoning {unknown}
 g - a scroll of noise {unknown}


   Skills:
 + Level 2.1 Fighting
 + Level 1.9 Axes
 + Level 1.0 Throwing
 + Level 1.2 Armour
 + Level 1.5 Dodging
 + Level 1.7 Spellcasting
 + Level 3.4 Translocations


You had 4 spell levels left.
You didn't know any spells.
Your spell library contained the following spells:

 Spells                   Type           Power      Damage    Failure   Level
 Blink                    Tloc           20%        N/A       12%         2
 Lesser Beckoning         Tloc           20%        N/A       12%         2
 Teleport Other           Tloc           10%        N/A       24%         3
 Manifold Assault         Tloc           10%        N/A       61%         4
 Vhi's Electric Charge    Tloc/Air       10%        N/A       85%         4


Dungeon Overview and Level Annotations

Branches:
Dungeon (1/15)

Altars:


Innate Abilities, Weirdness & Mutations

Armour fits poorly on your strangely shaped body.
You have extremely tough skin. (AC +3)
You have a long armoured tail.
You regenerate magic when rolling toward enemies. (Rampage MPRegen)


Message History

You closely miss the jackal.
The jackal is heavily wounded.
You hit the jackal. The jackal barely misses you. x2
The jackal closely misses you. x2
You hit the jackal but do no damage.
The jackal is heavily wounded.
You barely miss the jackal. The jackal bites you.
The jackal barely misses you. x2
The jackal bites you.
* * * LOW HITPOINT WARNING * * *
You barely miss the jackal.
The jackal is heavily wounded.
You closely miss the jackal. The jackal closely misses you.
The jackal barely misses you.
You closely miss the jackal. Your punch misses the jackal.
The jackal is heavily wounded.
You hit the jackal but do no damage.
The jackal bites you but does no damage.
The jackal barely misses you. The jackal bites you.
* * * LOW HITPOINT WARNING * * *
The jackal barely misses you.
You closely miss the jackal. Your punch misses the jackal.
The jackal is heavily wounded.
You barely miss the jackal. The jackal bites you.
* * * LOW HITPOINT WARNING * * *
The jackal closely misses you.
The jackal bites you but does no damage.
The jackal closely misses you.
You closely miss the jackal.
You tail-slap the jackal, but do no damage.
The jackal is heavily wounded.
You miss the jackal.
The jackal bites you but does no damage.
The jackal barely misses you.
You barely miss the jackal.
The jackal is heavily wounded.
You hit the jackal. The jackal bites you.
* * * LOW HITPOINT WARNING * * *
The jackal bites you but does no damage.
The jackal bites you.
You die...

#.......## #..#..# ..
#........# #..#.# ##
..
#....>.#.###....#...
..
#......#..##...##.#
#.
#......##..#......#
.. #......
##......... #.
#......###....#.####.
#.
#......>.....?.......
##
#..!...##....@h......
. #.....h......
#............ ###
#............ #..
.............. #..
....######..... #..
.... ..... #.. ...
..... ##. #.


You could see 2 jackals.

Vanquished Creatures
  2 dart slugs (D:1)
  3 endoplasms (D:1)
  A giant cockroach (D:1)
  A goblin (D:1)
  5 jackals (D:1)
  A kobold (D:1)
  A rat (D:1)
14 creatures vanquished.

Notes
Turn   | Place    | Note
-------+----------+-------------------------------------------
     0 | D:1      | CaptainMV the Armataur Warper began the quest for the Orb.
     0 | D:1      | Reached XP level 1. HP: 17/17 MP: 3/3
    73 | D:1      | Reached XP level 2. HP: 24/24 MP: 4/4
   113 | D:1      | Reached skill level 1 in Throwing
   126 | D:1      | Slain by a jackal

Illustrated notes

Levels and vault maps discovered:
D:1:      tarquinn_simple_flora_water_a, layout_rooms

Skill      XL: |  1  2 |
---------------+-------+-----
Fighting       | 2 |  2.1
Throwing       | 1 |  1.0
Axes           | |  1.9
Armour         | |  1.2
Dodging        | |  1.5
Spellcasting   | |  1.7
Translocations | |  3.4

Action                     || total
---------------------------++-------
  Melee: Hand axe          ||    37
         Tailslap          ||     6
 Armour: Leather armour    ||    41
  Dodge: Dodged            ||    34
